 Dungeon Crawl Stone Soup version 0.20-a0-903-g7e3609c (webtiles) character file.

139 Hook the Twirler (level 5, 0/40 HPs)
             Began as a Demonspawn Gladiator on Mar 20, 2017.
             Slain by a gnoll (5 damage)
             ... on level 4 of the Dungeon.
             The game lasted 00:29:48 (2833 turns).

Hook the Twirler (Demonspawn Gladiator)             Turns: 2833, Time: 00:29:48

Health: 0/40       AC:  3    Str: 15    XL:     5   Next: 1%
Magic:  0/5        EV: 13    Int: 10    God:
Gold:   162        SH:  0    Dex: 14    Spells: 4/4 levels left

rFire    . . .     SeeInvis .   t - +0 quarterstaff
rCold    . . .     Gourm    .   b - +0 leather armour
rNeg     . . .     Faith    .   (shield currently unavailable)
rPois    .         Spirit   +   (helmet restricted)
rElec    .         Reflect  .   (no cloak)
rCorr    .         Harm     .   (no gloves)
MR       .....                  (no boots)
Stlth    +.........             (no amulet)
Regen    0.2/turn               (no ring)
MPRegen  0.1/turn               (no ring)

@: exhausted
A: antennae 1, magic shield
a: no special abilities


You were on level 4 of the Dungeon.
You were not hungry.

You visited 1 branch of the dungeon, and saw 4 of its levels.

You collected 162 gold pieces.

Inventory:

Hand Weapons
 a - a +0 quarterstaff
 t - a +0 quarterstaff (weapon)
Armour
 b - a +0 leather armour (worn)
 c - a +0 helmet
Scrolls
 g - 2 scrolls of identify {unknown}
 h - 2 scrolls of teleportation {unknown}
 k - 2 scrolls of remove curse {unknown}
 l - 2 scrolls of magic mapping {unknown}
 m - a scroll of enchant weapon {unknown}
 q - a scroll of enchant armour {unknown}
Potions
 i - a potion of curing {unknown}
 j - 2 potions of degeneration {unknown}
 n - a potion of flight {unknown}
 p - a potion of heal wounds {unknown}
 r - a potion of magic {unknown}
 s - a potion of mutation {unknown}
 u - a potion of invisibility {unknown}
 v - a potion of agility {unknown}
Comestibles
 f - 2 bread rations
 o - 3 fruits
 w - 3 chunks of flesh


   Skills:
 * Level 2.9 Fighting
 + Level 3.7 Staves
 - Level 1.7 Throwing
 + Level 1.4 Armour
 * Level 3.5 Dodging
 + Level 0.2 Stealth


You had 4 spell levels left.
You didn't know any spells.

Dungeon Overview and Level Annotations

Branches:
Dungeon (4/15)
 Temple: D:4-7

Altars:

Annotations:
D:3 joejoepie's ghost, amateur OgFE


Innate Abilities, Weirdness & Mutations

You have a pair of small antennae on your head.
When hurt, damage is shared between your health and your magic reserves.


Message History

You hit the gnoll.
The gnoll is moderately wounded.
The gnoll struggles against the net. x2
You hit the gnoll but do no damage.
The gnoll is moderately wounded.
The gnoll struggles against the net.
You hit the gnoll.
The gnoll is severely wounded.
You feel yourself speed up.
The gnoll struggles against the net.
The net rips apart, and the gnoll comes free!
The gnoll hits you.
* * * LOW HITPOINT WARNING * * *
You hit the gnoll but do no damage.
The gnoll is severely wounded.
The gnoll barely misses you.
You hit the gnoll but do no damage.
The gnoll is severely wounded.
The gnoll hits you!
You die...

###########
#<........#
#########.#
#.# #.# #.#
#@# #g# #g#
#g# #.# #.#
#.# #.# #.#


You could see 3 gnolls.

Vanquished Creatures
  Natasha (D:4)
  A gnoll (D:4)
  4 adders (D:2)
  An ooze (D:2)
  2 worms (D:2)
  2 dart slugs (D:1)
  2 leopard geckos
  An orc (D:3)
  2 giant cockroaches (D:2)
  3 goblins
  8 hobgoblins
  7 jackals
  A bat (D:1)
  6 frilled lizards
  6 kobolds
  7 rats
54 creatures vanquished.

Notes
Turn   | Place    | Note
-------+----------+-------------------------------------------
     0 | D:1      | Hook the Demonspawn Gladiator began the quest for the Orb.
     0 | D:1      | Reached XP level 1. HP: 16/16 MP: 1/1
   271 | D:1      | Gained mutation: When hurt, damage is shared between your health and your magic reserves. [demonic ancestry]
   271 | D:1      | Reached XP level 2. HP: 22/22 MP: 2/2
  1092 | D:2      | Reached XP level 3. HP: 24/27 MP: 3/3
  1475 | D:2      | Reached skill level 1 in Armour
  1475 | D:2      | Gained mutation: You have a pair of small antennae on your head. [demonic ancestry]
  1475 | D:2      | Reached XP level 4. HP: 34/34 MP: 4/4
  2217 | D:3      | Noticed joejoepie's ghost (amateur OgFE)
  2253 | D:3      | HP: 1/34 [joejoepie's ghost (1)]
  2722 | D:3      | Noticed Natasha
  2743 | D:4      | Killed Natasha
  2807 | D:4      | Reached XP level 5. HP: 13/40 MP: 0/5
  2833 | D:4      | Slain by a gnoll

Vault maps used:
D:1:      roderic_chinese_lattice_arrival
D:2:      first_bread
D:3:      uniq_natasha

Skill      XL: |  1  2  3 |
---------------+----------+-----
Dodging        | 3 |  3.5
Staves         | 3 |  3.7
Armour         | 1 |  1.4
Fighting       | |  2.9
Throwing       | |  1.7
Stealth        | |  0.2

Action                   |  1- 3 |  4- 6 || total
-------------------------+-------+-------++-------
Melee: Quarterstaff      |    91 |    97 ||   188
Throw: Throwing net      |     4 |     3 ||     7
  Use: Potion            |       |     2 ||     2
 Stab: Sleeping          |     1 |     1 ||     2
  Eat: Chunk             |     2 |     3 ||     5
       Fruit             |       |     1 ||     1
Armor: Leather armour    |    17 |    20 ||    37
Dodge: Dodged            |    47 |    61 ||   108
